 Dungeon Crawl Stone Soup version 0.30-a0-722-g3e6e8c874d (webtiles) character file.

Game seed: 4795872191969539103

2 retardedninja the Trooper (level 1, -4/20 HPs)
             Began as a Hill Orc Fighter on Jan 27, 2023.
             Succumbed to a goblin's poison
             ... on level 1 of the Dungeon.
             The game lasted 00:00:07 (128 turns).

retardedninja the Trooper (Hill Orc Fighter)         Turns: 128, Time: 00:00:08

Health: -4/20      AC:  6    Str: 18    XL:     1   Next: 30%
Magic:  1/1        EV:  9    Int:  8    God:
Gold:   37         SH:  4    Dex: 10    Spells: 0/0 levels left

rFire   . . .      SeeInvis .    a - +0 war axe
rCold   . . .      Faith    .    c - +0 buckler
rNeg    . . .      Spirit   .    b - +0 scale mail
rPois   .          Reflect  .    (no helmet)
rElec   .          Harm     .    (no cloak)
rCorr   .          Rampage  .    (no gloves)
Will    .....                    (no boots) Stlth
                                 (no amulet)
HPRegen 0.23/turn                (no ring)
MPRegen 0.07/turn                (no ring)

@: lethally poisoned (-4 -> -25)
A: no striking features
a: no special abilities


You were on level 1 of the Dungeon.
You visited 1 branch of the dungeon, and saw 1 of its levels.

You collected 37 gold pieces.

Inventory:

Hand Weapons
 a - a +0 war axe (weapon)
Armour
 b - a +0 scale mail (worn)
 c - a +0 buckler (worn)
Scrolls
 e - a scroll of identify {unknown}
Potions
 d - a potion of might


   Skills:
 + Level 3.6 Fighting
 + Level 2.7 Axes
 + Level 3.3 Armour
 + Level 3.3 Shields


You couldn't memorise any spells.
You didn't know any spells.
Your spell library was empty.

Dungeon Overview and Level Annotations

Branches:
Dungeon (1/15)

Altars:


Message History

The frilled lizard barely misses you.
You hit the frilled lizard.
You kill the frilled lizard!
No target in view!
No target in view!
HP restored.
You see here a giant cockroach corpse.
Key pressed, stopping explore.
Found a scale mail.
No target in view!
A goblin comes into view. It is wielding a +2 dagger of venom.
Found a faded altar of an unknown god.
The goblin shouts!
You hear a shout!
The goblin moves out of view.
You see here a +0 scale mail.
No target in view!
The goblin hits you but does no damage.
You are poisoned.
A goblin is nearby!
You barely miss the goblin. You hit the fungus.
The fungus begins to die.
You feel very sick.
The goblin hits you with a +2 dagger of venom.
You are lethally poisoned!
You block the goblin's attack.
There is a lethal amount of poison in your body!
You closely miss the goblin. You hit the fungus.
You feel very sick. The goblin hits you but does no damage.
You are too injured to fight recklessly!
There is a lethal amount of poison in your body!
You are too injured to fight recklessly!
You hit the goblin but do no damage. You hit the fungus.
* * * LOW HITPOINT WARNING * * *
You feel very sick.
A nearby fungus withers and dies.
The goblin hits you with a +2 dagger of venom.
* * * LOW HITPOINT WARNING * * *
You are more poisoned.
You closely miss the goblin.
You die...

. .. .#.####
.......##
#########
.....P.g#
#.......#
♣.@#####.#####.#
♣...[....#
#.####
P._.PP.#####.#
#..... ..♣..P.#
#.# #.####
♣PP..#
##.#####.#


PPP.... .........#### ........ ............. .....### #######.##### ...#. #†#
You could see a goblin.

Vanquished Creatures
  A giant cockroach (D:1)
  A frilled lizard (D:1)
2 creatures vanquished.

Vanquished Creatures (others)
  A fungus (D:1)
1 creature vanquished.

Grand Total: 3 creatures vanquished

Notes
Turn   | Place    | Note
-------+----------+-------------------------------------------
     0 | D:1      | retardedninja the Hill Orc Fighter began the quest for the
                  | Orb.
     0 | D:1      | Reached XP level 1. HP: 19/19 MP: 1/1
   121 | D:1      | Found a faded altar of an unknown god.
   128 | D:1      | Succumbed to a goblin's poison

Illustrated notes

Levels and vault maps discovered:
D:1:      minmay_arrival_shattered_statue, layout_loops_ring,
          dreamdust_ecumenical_altar_grove

Action                     || total
---------------------------++-------
  Melee: War axe           ||    17
 Armour: Scale mail        ||     7
  Dodge: Dodged            ||     5
  Block: Buckler           ||     6

Table legend: (Time is in decaauts)
 A = Elapsed time spent in this place.
 B = Non-inter-level travel time spent in this place.
 C = Inter-level travel time spent in this place.
 D = Time resting spent in this place.
 E = Time spent auto-exploring this place.
 F = Levels seen in this place.
 G = Mean time per level.
                   A        B        C        D        E       F      G
               +--------+--------+--------+--------+--------+-----+--------+
         Total |    134 |    134 |      0 |      0 |     96 |   1 |  134.0 |
       Dungeon |    134 |    134 |      0 |      0 |     96 |   1 |  134.0 |
               +--------+--------+--------+--------+--------+-----+--------+

Top non-repeatable levels by time:
     D:1: 134 daAuts
